 Dungeon Crawl Stone Soup version 0.30-a0-358-g0d69a1922f (webtiles) character file.

Game seed: 14553003121396555539

18 gamesnag the Firebug (level 2, -2/24 HPs)
             Began as a Human Cinder Acolyte on Nov 8, 2022.
             Was a High Priest of Ignis.
             Slain by an adder (4 damage)
             ... on level 2 of the Dungeon.
             The game lasted 00:02:49 (572 turns).

gamesnag the Firebug (Human Cinder Acolyte)          Turns: 572, Time: 00:02:49

Health: -2/24      AC:  2    Str: 14    XL:     2   Next: 85%
Magic:  3/3        EV: 11    Int: 14    God:    Ignis [*****.]
Gold:   0          SH:  0    Dex:  8    Spells: 3/3 levels left

rFire   + . .      SeeInvis .    a - -1 hand axe (flame)
rCold   . . .      Faith    .    (no shield)
rNeg    . . .      Spirit   .    b - +0 robe
rPois   .          Reflect  .    (no helmet)
rElec   .          Harm     .    (no cloak)
rCorr   .          Rampage  .    (no gloves)
Will    .....                    (no boots)
Stlth   +.........               (no amulet)
HPRegen 0.24/turn                (no ring)
MPRegen 0.08/turn                (no ring)

@: no status effects
A: no striking features
a: Renounce Religion, Fiery Armour, Foxfire Swarm, Rising Flame


You were on level 2 of the Dungeon.
You worshipped Ignis.
Ignis was extremely pleased with you.
You visited 1 branch of the dungeon, and saw 2 of its levels.

Inventory:

Hand Weapons
 a - a -1 hand axe of flaming (weapon)
 f - a +0 broad axe
Armour
 b - a +0 robe (worn)
 e - a +0 kite shield
Scrolls
 d - a scroll of fear {unknown}
Potions
 c - a potion of curing {unknown}
 g - a potion of magic {unknown}


   Skills:
 + Level 3.2 Fighting
 + Level 3.2 Axes
 + Level 0.1 Dodging
 + Level 1.0 Spellcasting
 + Level 3.4 Fire Magic


You had 3 spell levels left.
You didn't know any spells.
Your spell library contained the following spells:

 Spells                   Type           Power      Damage    Failure   Level
 Scorch                   Fire           20%        2d6       10%         2


Dungeon Overview and Level Annotations

Branches:
Dungeon (2/15)

Altars:


Message History

The adder closely misses you.
There are monsters nearby!
You hit the adder. You burn the adder.
The adder is severely wounded.
You feel sick. The adder bites you. The adder barely misses you.
There are monsters nearby!
You hit the adder. You burn the adder.
The adder is almost dead.
You feel sick. The adder bites you.
There are monsters nearby!
There are monsters nearby!
You closely miss the adder.
The adder is almost dead.
You barely miss the hobgoblin.
You feel sick. The adder closely misses you. The hobgoblin barely misses you.
The adder closely misses you.
There are monsters nearby!
You closely miss the adder.
The adder is almost dead.
You closely miss the hobgoblin.
You feel sick. The hobgoblin barely misses you. The adder bites you.
There are monsters nearby!
You are too injured to fight recklessly!
There are monsters nearby!
You are too injured to fight recklessly!
There are monsters nearby!
You barely miss the hobgoblin. You closely miss the adder.
You feel sick.
You are no longer poisoned.
The hobgoblin hits you. The adder barely misses you.
The hobgoblin barely misses you.
You hit the hobgoblin but do no damage. You hit the adder but do no damage.
The adder completely misses you. The adder bites you.
* * * LOW HITPOINT WARNING * * *
The hobgoblin closely misses you.
You hit the hobgoblin but do no damage. You barely miss the adder.
The adder closely misses you. The hobgoblin hits you.
* * * LOW HITPOINT WARNING * * *
You hit the hobgoblin. You burn the hobgoblin.
You kill the hobgoblin!
You barely miss the adder. The adder bites you.
You die...

##..# #..# ##.#
######### #.####
........# #....##
........# #.##..##
........######.###..#
...............# ##.#
......†@###########.###
......S.# #......#
..?.$..(# #....#.##
###$....# #....#..#
#......# #...)##.#
#......# #....##.#
#......# #....##..
.......# #....####
#....# #


You could see an adder.

Vanquished Creatures
  2 giant cockroaches
  2 goblins
  2 hobgoblins (D:2)
  A quokka (D:1)
  2 ball pythons
  3 bats (D:1)
  6 frilled lizards
  A kobold (D:1)
  A rat (D:1)
20 creatures vanquished.

Notes
Turn   | Place    | Note
-------+----------+-------------------------------------------
     0 | D:1      | gamesnag the Human Cinder Acolyte began the quest for the
                  | Orb.
     0 | D:1      | Reached XP level 1. HP: 18/18 MP: 2/2
    68 | D:1      | Reached XP level 2. HP: 24/24 MP: 3/3
   572 | D:2      | Slain by an adder

Illustrated notes

Levels and vault maps discovered:
D:1:      pf_arrival_petrified_forest, layout_basic, minmay_lizard_pond
D:2:      layout_basic

Action                   || total
-------------------------++-------
Melee: Hand axe          ||    56
Armor: Robe              ||    15
Dodge: Dodged            ||    62

Table legend: (Time is in decaauts)
 A = Elapsed time spent in this place.
 B = Non-inter-level travel time spent in this place.
 C = Inter-level travel time spent in this place.
 D = Time resting spent in this place.
 E = Time spent auto-exploring this place.
 F = Levels seen in this place.
 G = Mean time per level.
                   A        B        C        D        E       F      G
               +--------+--------+--------+--------+--------+-----+--------+
         Total |    579 |    579 |      0 |      0 |    176 |   2 |  289.5 |
       Dungeon |    579 |    579 |      0 |      0 |    176 |   2 |  289.5 |
               +--------+--------+--------+--------+--------+-----+--------+

Top non-repeatable levels by time:
     D:1: 368 daAuts
     D:2: 211 daAuts
